Map: Dusty Gorge

Players

mystik

  • Race: Terran Terran
  • League: Gold
  • Spawn Location: 9:00

empty

  • Race: Terran Terran
  • Spawn Location: 11:00

Anaph - Winner!

  • Race: Terran Terran
  • League: Gold
  • Spawn Location: 3:00

ILIEKEGGPIE - Winner!

  • Race: Protoss Protoss
  • League: Platinum
  • Spawn Location: 5:00

VOD

Have the link to the VOD?

Description

Time

  • Played on: April 27, 2018, 12:48 p.m.
  • Length: 14:59
Show
View Real Time Build Order
Export as new Build Order

mystik Terran 

Build Orders:  

Get SALT Encoding   

  12  0:10  SCV  
  13  0:22  SCV  
  14  0:36  Supply Depot  
  14  0:56  SCV  
  15  1:04  Supply Depot, Barracks  
  15  1:08  SCV  
  16  1:14  Refinery  
  16  1:19  Refinery  
  16  1:20  SCV  
  17  1:32  SCV  
  18  1:44  SCV  
  18  1:45  Engineering Bay  
  19  1:56  SCV  
  20  2:08  SCV  
  21  2:17  Missile Turret  
  21  2:20  SCV, Factory  
  22  2:28  Factory  
  22  2:33  SCV  
  23  2:39  Marine  
  24  2:45  SCV  
  25  2:56  Marine  
  26  3:04  Factory Reactor  
  26  3:12  Factory Reactor  
  26  3:14  Command Center  
  26  3:32  Orbital Command  
  26  3:46  Supply Depot, Cyclone  
  29  4:02  Cyclone  
  32  4:05  Cyclone  
  32  4:08  Supply Depot  
  35  4:15  Cyclone  
  38  4:30  Refinery  
  38  4:33  SCV  
  38  4:34  Refinery  
  39  4:45  SCV  
  40  4:50  Cyclone  
  43  4:59  Cyclone  
  46  5:04  Cyclone  
  49  5:13  Cyclone  
  40  5:43  Cyclone x2  
  40  5:46  SCV  
  47  5:57  Cyclone  
  47  5:58  SCV  
  51  6:07  Cyclone  
  51  6:10  SCV  
  55  6:23  SCV  
  56  6:35  SCV  
  57  6:46  Starport  
  57  6:47  Starport, SCV  
  57  6:50  Starport  
  59  7:05  Orbital Command  
  58  7:15  Armory  
  58  7:31  Starport Tech Lab  
  58  7:42  Starport Tech Lab  
  58  7:47  Starport Tech Lab  
  58  7:48  Missile Turret  
  58  7:51  Missile Turret  
  58  7:52  Missile Turret  
  58  8:00  SCV  
  59  8:06  Fusion Core  
  59  8:09  Missile Turret  
  59  8:12  SCV  
  59  8:13  Missile Turret  
  59  8:14  Missile Turret  
  60  8:25  SCV  
  60  8:37  SCV  
  61  8:49  SCV  
  62  8:56  Battlecruiser  
  62  8:57  Raven  
  70  9:11  Supply Depot  
  70  9:12  Supply Depot  
  70  9:13  Missile Turret  
  70  9:15  Supply Depot  
  70  9:16  Supply Depot  
  70  9:32  SCV, Battlecruiser  
  70  9:34  Missile Turret  
  70  9:35  Weapon Refit  
  77  9:40  Battlecruiser  
  83  9:47  SCV  
  84  9:59  SCV  
  85  10:11  SCV  
  86  10:23  SCV  
  87  10:42  Cyclone x4  
  99  10:46  Battlecruiser  
  105  11:05  Terran Ship Weapons Level 1  
  105  11:13  Armory  
  105  11:14  Cyclone  
  105  11:16  Battlecruiser  
  114  11:35  Command Center  
  114  11:48  Battlecruiser  
  120  12:24  Battlecruiser  
  60  13:07  Battlecruiser  
  54  13:35  Battlecruiser x2  
  55  14:35  Supply Depot  
  55  14:36  Supply Depot  
  55  14:37  Supply Depot  
  55  14:38  Supply Depot  
  55  14:40  Supply Depot  
Show
View Real Time Build Order
Export as new Build Order

empty Terran 

Build Orders:  

Get SALT Encoding   

  12  0:01  SCV  
  13  0:19  Supply Depot, SCV  
  14  0:31  SCV  
  15  0:42  Barracks  
  15  0:43  SCV  
  15  0:48  Refinery  
  16  0:55  SCV  
  17  1:08  SCV  
  18  1:18  Refinery  
  18  1:20  SCV  
  19  1:30  Supply Depot  
  19  1:32  SCV, Reaper  
  21  1:45  Orbital Command  
  21  1:59  Factory  
  21  2:11  Barracks Reactor  
  21  2:31  Command Center  
  21  2:43  Factory Reactor  
  20  2:45  Starport  
  20  2:46  SCV  
  20  2:48  Marine x2  
  23  2:58  Supply Depot  
  23  3:01  SCV  
  24  3:05  Marine  
  24  3:06  Marine  
  26  3:23  Marine  
  26  3:24  Marine  
  28  3:33  Barracks  
  28  3:36  Medivac  
  28  3:41  Medivac  
  32  3:49  Supply Depot  
  32  3:53  SCV  
  33  3:57  Marine  
  33  4:00  Marine  
  35  4:15  Marine  
  36  4:18  Marine  
  36  4:21  Barracks Reactor  
  37  4:25  SCV  
  37  4:26  SCV  
  39  4:33  Marine  
  39  4:36  Marine  
  41  4:41  SCV  
  41  4:42  SCV  
  43  4:50  Marine  
  44  4:54  SCV, Marine  
  44  4:55  SCV  
  47  5:01  Factory Tech Lab  
  47  5:03  Marine x2  
  47  5:06  SCV  
  51  5:07  SCV  
  51  5:08  Marine  
  51  5:12  Marine  
  51  5:14  Barracks  
  53  5:18  SCV  
  53  5:19  SCV  
  53  5:21  Marine x2  
  55  5:26  Marine  
  58  5:29  Marine  
  58  5:31  Siege Tank  
  62  5:39  Supply Depot  
  62  5:44  Engineering Bay  
  62  6:01  SCV x2, Marine x4  
  68  6:07  Supply Depot  
  68  6:08  Supply Depot  
  68  6:13  SCV x2  
  70  6:28  SCV x2, Marine x2  
  58  6:36  Marine x3  
  59  6:40  SCV  
  59  6:44  Missile Turret  
  59  6:45  Missile Turret x2  
  60  6:53  Missile Turret, Marine x3  
  60  6:54  Marine  
  64  6:56  Medivac x2  
  64  6:59  Barracks Tech Lab  
  68  7:03  Missile Turret  
  68  7:05  Refinery  
  68  7:07  Refinery  
  68  7:11  Terran Infantry Weapons Level 1, Marine x3  
  68  7:14  Missile Turret, Marine  
  72  7:20  Stimpack  
  72  7:21  Marine  
  73  7:23  Missile Turret  
  73  7:29  Marine x3  
  76  7:31  Medivac  
  76  7:34  Missile Turret  
  76  7:37  Marine  
  78  7:39  Marine  
  80  7:47  Marine x3  
  83  7:51  Supply Depot  
  83  7:53  Missile Turret, Supply Depot  
  83  7:54  Marine  
  83  7:57  Marauder  
  86  8:13  Supply Depot, Marine x4  
  86  8:16  SCV x2  
  86  8:19  Marauder  
  94  8:31  Marine x4  
  98  8:40  Marauder  
  100  8:48  Marine x4  
  104  9:01  Marauder  
  89  9:16  Marine x3  
  89  9:17  Marine  
  92  9:22  Marine  
  94  9:26  Factory  
  94  9:31  Factory  
  94  9:33  Supply Depot  
  94  9:34  Supply Depot  
  94  9:50  Marine x3  
  94  9:51  Medivac  
  99  9:53  Combat Shield  
  99  9:55  Supply Depot  
  99  9:58  Supply Depot  
  99  9:59  Siege Tank  
  102  10:08  Medivac  
  102  10:12  Terran Infantry Armor Level 1  
  104  10:15  Armory  
  104  10:18  Engineering Bay, Supply Depot  
  104  10:21  Armory  
  104  10:22  Supply Depot  
  104  10:26  Factory Tech Lab x2  
  104  10:31  Siege Tank  
  104  10:34  Factory  
  107  10:49  Siege Tank  
  110  10:50  Siege Tank  
  113  11:03  Siege Tank  
  116  11:07  Terran Infantry Weapons Level 2  
  116  11:10  Terran Vehicle Weapons Level 1  
  116  11:15  Terran Vehicle And Ship Armor Level 1  
  116  11:21  Siege Tank  
  116  11:22  Siege Tank  
  122  11:35  Siege Tank, Concussive Shells, Command Center  
  122  11:36  Marauder, Marine  
  122  11:37  Marine x3  
  131  11:54  Siege Tank x2  
  134  11:58  Marine  
  134  11:59  Marine x4  
  142  12:08  Siege Tank  
  145  12:14  SCV x2  
  147  12:16  Marine x3  
  147  12:17  Marauder, Marine  
  153  12:24  Supply Depot  
  153  12:26  SCV x2  
  153  12:27  Supply Depot  
  153  12:29  Supply Depot  
  155  12:39  Marauder  
  156  12:47  Supply Depot  
  100  12:57  Marine x2  
  100  12:58  Marine x2  
  83  13:00  Marauder  
  85  13:15  Marine x3  
  85  13:16  Marine  
  79  13:21  Marauder  
  76  13:33  Marine x2  
Show
View Real Time Build Order
Export as new Build Order

Anaph Terran - Winner!

Build Orders:  

Get SALT Encoding   

  12  0:04  SCV  
  13  0:17  Supply Depot  
  13  0:20  SCV  
  14  0:30  Refinery  
  14  0:33  SCV  
  15  0:46  Barracks  
  15  0:56  SCV  
  16  1:03  Supply Depot  
  16  1:08  SCV  
  17  1:12  Refinery  
  17  1:35  Factory  
  17  1:47  Orbital Command  
  17  1:52  Barracks Reactor  
  17  2:19  SCV  
  17  2:22  Factory Tech Lab  
  18  2:30  Starport, Marine x2  
  20  2:52  SCV  
  20  2:56  Siege Tank  
  24  2:58  Marine x2  
  26  3:24  Command Center  
  26  3:26  SCV  
  27  3:41  Siege Tank  
  30  3:47  Marine  
  31  3:56  Supply Depot  
  31  4:17  Marine x2, Medivac  
  31  4:21  Supply Depot  
  31  4:23  Widow Mine  
  37  4:39  Marine x2  
  37  4:44  Orbital Command  
  39  4:52  Siege Tank  
  42  5:24  Widow Mine  
  44  5:39  Marine  
  44  5:40  Marine  
  44  5:42  SCV  
  47  5:53  Widow Mine  
  47  5:54  SCV  
  47  5:56  Starport Tech Lab  
  50  6:06  SCV  
  51  6:18  SCV  
  38  6:27  Liberator  
  38  6:30  SCV  
  37  6:36  SCV  
  41  6:48  SCV  
  41  6:50  SCV  
  43  7:00  SCV  
  44  7:02  SCV  
  45  7:12  SCV  
  45  7:14  SCV  
  47  7:19  Widow Mine  
  49  7:24  SCV  
  49  7:26  SCV  
  51  7:36  Fusion Core, SCV  
  52  7:38  SCV  
  52  7:40  Widow Mine  
  55  7:48  SCV  
  55  7:50  SCV  
  57  8:00  SCV  
  57  8:01  Refinery  
  57  8:02  Widow Mine, SCV  
  57  8:04  Refinery  
  61  8:13  SCV  
  62  8:24  SCV  
  62  8:25  Armory, SCV  
  64  8:28  Supply Depot  
  64  8:31  Battlecruiser  
  70  8:49  SCV x2  
  70  8:51  Supply Depot  
  72  9:02  SCV  
  73  9:14  Supply Depot  
  73  9:17  Starport  
  73  9:37  Terran Ship Weapons Level 1  
  79  9:38  Battlecruiser  
  79  9:46  Widow Mine  
  81  9:57  SCV  
  81  9:59  SCV  
  83  10:09  SCV  
  83  10:11  SCV, Command Center  
  85  10:14  Command Center  
  85  10:15  Starport Tech Lab  
  81  10:22  SCV  
  81  10:23  SCV  
  83  10:34  SCV  
  85  10:35  SCV  
  85  10:46  SCV  
  85  10:47  Battlecruiser  
  92  10:54  Supply Depot  
  92  11:15  Battlecruiser  
  92  11:17  Supply Depot  
  98  11:21  Weapon Refit  
  98  11:31  Terran Vehicle And Ship Armor Level 1  
  98  11:46  Thor  
  104  12:02  Battlecruiser  
  104  13:36  SCV  
  104  13:39  SCV  
  106  13:47  Battlecruiser x2  
  118  13:48  SCV  
  118  13:51  SCV  
  120  14:00  SCV  
  121  14:03  SCV  
  122  14:12  SCV  
  122  14:15  SCV  
  124  14:23  Refinery  
  124  14:26  Refinery  
  124  14:27  SCV  
  124  14:29  Refinery  
  124  14:31  Refinery, SCV  
  126  14:40  SCV  
  126  14:43  SCV  
Show
View Real Time Build Order
Export as new Build Order

ILIEKEGGPIE Protoss - Winner!

Build Orders:  

Get SALT Encoding   

  12  0:00  Probe  
  13  0:12  Probe  
  14  0:20  Pylon  
  14  0:25  Probe  
  15  0:38  Probe  
  16  0:45  Gateway  
  16  0:51  Gateway  
  16  0:57  Probe  
  16  1:01  Assimilator  
  17  1:09  Probe  
  18  1:15  Assimilator  
  18  1:21  Probe  
  18  1:23  Pylon  
  19  1:30  Probe  
  19  1:38  Probe  
  20  1:42  Cybernetics Core  
  20  1:46  Probe  
  22  1:54  Probe  
  23  2:17  Nexus  
  23  2:21  Adept  
  25  2:23  Adept  
  25  2:29  Probe  
  28  2:39  Pylon  
  28  2:53  Robotics Facility  
  28  3:09  Probe  
  29  3:15  Gateway  
  29  3:21  Probe, Warp Gate  
  29  3:22  Forge  
  30  3:29  Probe  
  30  3:31  Probe  
  32  3:37  Probe  
  32  3:42  Observer  
  34  3:49  Stalker x2  
  34  3:51  Probe  
  34  3:52  Probe  
  40  3:57  Protoss Ground Weapons Level 1  
  40  4:02  Stalker  
  40  4:03  Observer  
  40  4:08  Probe x2  
  45  4:19  Pylon  
  45  4:20  Probe x2  
  47  4:29  Stalker  
  47  4:30  Stalker  
  51  4:34  Probe  
  51  4:35  Probe  
  53  4:38  Assimilator  
  53  4:40  Assimilator  
  53  4:45  Immortal  
  53  4:47  Probe x2  
  59  4:58  Stalker  
  61  5:17  Probe  
  61  5:20  Pylon  
  62  5:21  Pylon  
  62  5:37  Probe  
  62  5:38  Probe  
  62  5:40  Immortal  
  68  5:43  Protoss Ground Armor Level 1  
  68  5:46  Probe, Robotics Bay  
  68  5:49  Twilight Council  
  69  5:50  Probe  
  69  5:54  Probe  
  70  6:00  Forge  
  70  6:01  Stalker  
  70  6:02  Probe, Stalker  
  76  6:17  Nexus  
  76  6:19  Pylon  
  76  6:27  Extended Thermal Lance  
  76  6:31  Protoss Ground Weapons Level 2  
  76  6:37  Probe x2  
  78  6:49  Probe x2  
  78  6:50  Robotics Facility  
  78  6:54  Blink  
  80  6:56  Pylon  
  80  6:59  Pylon  
  80  7:01  Probe x2  
  82  7:03  Pylon  
  82  7:13  Probe  
  83  7:21  Gateway x2  
  83  7:22  Probe, Protoss Ground Armor Level 2  
  84  7:25  Probe  
  85  7:34  Probe  
  86  7:38  Probe x2  
  88  7:46  Colossus, Probe  
  88  7:50  Probe  
  96  7:57  Probe  
  97  7:58  Probe  
  97  8:00  Assimilator  
  97  8:02  Probe  
  99  8:05  Assimilator, Pylon  
  99  8:09  Probe  
  100  8:13  Templar Archives  
  100  8:15  Pylon  
  100  8:17  Colossus  
  106  8:29  Gateway  
  106  8:33  Pylon  
  106  8:43  Colossus  
  106  8:45  Charge  
  100  9:11  Stalker x4  
  108  9:32  Gateway  
  108  9:35  Psionic Storm  
  108  9:37  Pylon  
  108  9:42  Zealot x4  
  108  9:43  Zealot x2  
  108  9:44  Pylon  
  120  9:47  Pylon  
  120  9:55  Protoss Ground Weapons Level 3, Protoss Ground Armor Level 3  
  120  10:08  Pylon  
  120  10:09  Pylon  
  120  10:11  High Templar x3  
  120  10:12  High Templar  
  120  10:13  Zealot x2  
  132  10:25  Nexus  
  132  10:26  Pylon  
  132  10:27  Pylon  
  132  10:35  Probe  
  132  10:36  Probe x2  
  135  10:47  Colossus x2  
  135  10:48  Probe  
  136  10:51  Gateway  
  136  10:54  Gateway  
  136  11:01  Probe  
  149  11:05  Probe x2  
  151  11:13  Stalker x4  
  159  11:20  Photon Cannon  
  159  11:25  Shield Battery  
  159  11:44  Probe  
  159  11:48  Probe x3  
  159  11:49  Assimilator  
  159  11:52  Assimilator  
  163  11:57  Colossus x2  
  163  12:00  Probe, High Templar x3  
  163  12:01  Zealot x3  
  146  13:00  Colossus x2  
  158  13:11  Zealot x2  
  158  13:12  Stalker x2, Zealot x2  
  164  13:13  Stalker x3  
  168  13:38  Stalker x3  
  168  13:39  Stalker x6  
  186  13:51  Colossus x2  
  198  14:28  Probe x2  
Tags
 
Add a new tag
Caveats
  • Supply blocks, unpowered buildings, or Contaminate may cause inaccurate times.
  • Supply counts are checked every 10 seconds.